Map: Dreamcatcher LE

Players

Warren

  • Race: Zerg Zerg
  • League: Gold
  • Spawn Location: 11:00

MaNa - Winner!

  • Race: Protoss Protoss
  • Spawn Location: 5:00

Event: WCS Austin 2018

VOD

Have the link to the VOD?

Description

Time

  • Played on: June 1, 2018, 4:49 p.m.
  • Length: 5:54

All games in this series

Show
View Real Time Build Order
Export as new Build Order

Warren Zerg 

Build Orders: Hatch First, Roach Nydus 

Get SALT Encoding   

  12  0:02  Drone  
  13  0:12  Overlord  
  13  0:17  Drone  
  14  0:30  Drone x2  
  16  0:48  Hatchery  
  15  0:51  Drone  
  15  0:55  Drone  
  17  0:58  Drone  
  18  1:07  Extractor  
  18  1:10  Drone  
  18  1:20  Spawning Pool  
  18  1:21  Drone  
  18  1:28  Drone  
  19  1:44  Drone  
  20  1:52  Overlord  
  20  2:02  Drone  
  20  2:06  Queen x2  
  20  2:07  Zergling x2  
  26  2:14  Drone  
  27  2:18  Drone  
  27  2:22  Drone  
  29  2:23  Drone  
  30  2:33  Overlord  
  30  2:36  Drone  
  31  2:44  Queen  
  31  2:47  Lair  
  31  2:50  Extractor  
  32  2:53  Overlord  
  32  2:55  Zergling x2  
  32  2:56  Zergling x2  
  32  2:57  Drone  
  34  3:06  Drone x2  
  36  3:13  Drone x2  
  36  3:14  Drone x2  
  36  3:15  Drone x2  
  42  3:22  Spore Crawler  
  41  3:29  Spore Crawler, Roach Warren  
  41  3:34  Drone x2  
  41  3:36  Drone  
  42  3:51  Nydus Network  
  41  3:57  Overlord x2, Queen  
  43  4:12  Roach x3  
  43  4:15  Overlord  
  49  4:21  Roach  
  51  4:29  Roach  
  51  4:30  Roach x2  
  57  4:35  Nydus Canal  
  57  4:37  Overseer  
  57  4:41  Roach  
  59  4:48  Roach x2, Zergling x2  
  64  4:55  Nydus Canal, Zergling x2  
  64  4:56  Zergling x2  
  64  4:59  Roach  
  66  5:08  Roach, Zergling x6  
  64  5:24  Roach, Zergling x2  
  64  5:25  Roach, Zergling x4  
  67  5:32  Nydus Canal  
  62  5:37  Zergling x2  
Show
View Real Time Build Order
Export as new Build Order

MaNa Protoss - Winner!

Build Orders: 1 Gate Expand, Oracle Opening 

Get SALT Encoding   

  12  0:00  Probe  
  13  0:12  Probe  
  14  0:18  Pylon  
  14  0:24  Probe  
  15  0:32  Probe  
  15  0:38  Assimilator  
  15  0:40  Probe  
  16  0:48  Gateway  
  17  0:53  Probe  
  18  1:01  Probe  
  18  1:09  Probe  
  20  1:30  Nexus  
  20  1:35  Cybernetics Core  
  20  1:38  Probe  
  21  1:50  Probe  
  21  1:51  Assimilator  
  21  1:54  Pylon  
  22  2:02  Probe  
  22  2:04  Adept  
  23  2:15  Probe  
  26  2:18  Stargate  
  26  2:27  Probe, Warp Gate  
  27  2:36  Stalker  
  29  2:39  Probe  
  29  2:40  Probe  
  31  2:48  Probe  
  31  2:51  Probe  
  32  2:54  Oracle  
  33  3:03  Probe  
  37  3:06  Probe  
  38  3:15  Probe  
  38  3:16  Gateway  
  38  3:18  Probe  
  40  3:23  Gateway  
  40  3:27  Probe  
  40  3:28  Pylon  
  40  3:32  Oracle  
  40  3:34  Probe  
  45  3:38  Assimilator  
  45  3:40  Assimilator  
  45  3:42  Probe  
  46  3:52  Robotics Facility, Probe  
  47  3:58  Probe  
  48  4:04  Probe  
  49  4:10  Twilight Council  
  49  4:11  Probe  
  49  4:13  Pylon  
  49  4:17  Shield Battery, Probe  
  51  4:27  Pylon  
  53  4:31  Zealot x2  
  53  4:34  Immortal  
  53  4:35  Zealot  
  57  4:41  Shield Battery  
  61  4:58  Stalker x2  
  58  5:09  Shield Battery  
  58  5:12  Zealot  
  60  5:27  Zealot  
  55  5:30  Zealot  
  57  5:37  Stalker  
  57  5:38  Probe  
  57  5:42  Probe  
  59  5:49  Stalker  
  59  5:52  Zealot  
Tags
 
Add a new tag
Caveats
  • Supply blocks, unpowered buildings, or Contaminate may cause inaccurate times.
  • Supply counts are checked every 10 seconds.